Map: Oxide LE

Players

BattleB

  • Race: Terran Terran

Denver - Winner!

  • Race: Zerg Zerg

Event: DreamHack SC2 Masters 2021 Winter

VOD

Have the link to the VOD?

Description

Time

  • Played on: Oct. 1, 2021, 10:58 a.m.
  • Length: 11:52

All games in this series

Show
View Real Time Build Order
Export as new Build Order

BattleB Terran 

Build Orders: Reaper Expand, Hellion Banshee 

Get SALT Encoding   

  12  0:00  SCV  
  13  0:12  SCV  
  14  0:16  Supply Depot  
  14  0:24  SCV  
  15  0:38  SCV, Barracks  
  15  0:42  Refinery  
  16  0:51  SCV  
  17  1:03  SCV  
  18  1:15  SCV  
  19  1:26  Reaper  
  19  1:27  Orbital Command  
  20  1:39  Command Center  
  20  1:46  Supply Depot  
  20  1:53  SCV  
  21  1:58  Marine  
  22  2:05  SCV  
  22  2:07  Factory  
  23  2:14  Refinery  
  23  2:17  SCV  
  23  2:19  Barracks Reactor  
  24  2:29  SCV  
  25  2:41  SCV  
  26  2:52  Starport, Orbital Command  
  26  2:53  SCV  
  27  3:01  Hellion x2  
  27  3:05  Barracks Tech Lab, SCV  
  32  3:17  SCV  
  32  3:18  SCV  
  34  3:22  Hellion x2  
  34  3:26  Supply Depot  
  38  3:30  SCV x2  
  40  3:36  Cloaking Field  
  40  3:37  Banshee  
  43  3:42  SCV x2  
  43  3:48  Hellion x2  
  49  3:50  Supply Depot  
  49  3:54  SCV  
  49  3:55  SCV  
  51  4:06  SCV, Barracks Tech Lab  
  51  4:07  SCV  
  53  4:12  Command Center  
  53  4:18  Supply Depot, SCV  
  53  4:19  SCV  
  53  4:20  Banshee  
  58  4:27  Stimpack  
  58  4:30  SCV  
  60  4:31  Supply Depot, SCV  
  60  4:38  Barracks  
  60  4:40  Factory Reactor  
  60  4:43  SCV x2, Barracks  
  62  4:53  Engineering Bay  
  62  4:54  Refinery, Engineering Bay  
  62  4:55  SCV x2  
  64  5:02  Refinery  
  64  5:03  Marine  
  65  5:07  SCV  
  65  5:10  SCV  
  65  5:14  Starport Reactor  
  67  5:20  SCV  
  68  5:22  SCV, Marine  
  68  5:24  Terran Infantry Weapons Level 1, Terran Infantry Armor Level 1  
  68  5:26  Marine, Orbital Command  
  68  5:27  Siege Tank, Marine  
  75  5:33  Barracks  
  76  5:35  SCV, Barracks  
  76  5:36  SCV  
  76  5:38  Marine  
  76  5:41  Marine  
  79  5:44  Supply Depot  
  79  5:45  Marine  
  79  5:46  Marine  
  79  5:47  SCV, Marine  
  83  5:50  SCV, Orbital Command  
  83  5:52  Medivac  
  83  5:56  Medivac  
  88  6:00  SCV  
  88  6:02  Supply Depot x2  
  89  6:05  Siege Tank  
  89  6:06  SCV  
  89  6:09  Marine x3  
  96  6:11  Combat Shield  
  96  6:13  Marine  
  96  6:14  Marine  
  96  6:15  SCV  
  96  6:16  SCV  
  100  6:19  SCV  
  100  6:22  Barracks Reactor  
  100  6:24  Barracks Reactor  
  101  6:28  SCV  
  101  6:29  SCV  
  101  6:30  Marine x2  
  101  6:31  Supply Depot  
  105  6:33  Marine  
  105  6:34  Marine  
  105  6:35  Marine  
  105  6:36  SCV  
  105  6:38  Medivac  
  111  6:40  Medivac  
  113  6:48  Marine  
  113  6:49  SCV x2  
  113  6:50  Supply Depot  
  113  6:51  SCV  
  117  6:55  Siege Tank, Marine  
  117  6:56  Marine  
  117  6:57  Supply Depot, Marine  
  117  7:01  SCV x2, Refinery  
  125  7:04  Factory  
  125  7:11  Marine x2  
  125  7:12  SCV, Marine x3  
  129  7:16  Marine x4  
  129  7:21  Supply Depot  
  129  7:22  Supply Depot  
  133  7:29  Marine x2, Armory  
  137  7:30  Widow Mine, Marine x3  
  137  7:34  SCV  
  141  7:42  Medivac x2, SCV, Marine x3  
  141  7:43  SCV, Marine  
  151  7:47  Marine x2  
  151  7:49  Factory Reactor  
  153  7:59  Command Center, Marine x2  
  153  8:01  Marine  
  156  8:15  Widow Mine  
  156  8:16  Marine  
  156  8:18  Marine x7  
  156  8:19  Medivac x2  
  152  8:25  Marine  
  152  8:26  Supply Depot  
  153  8:28  Supply Depot  
  153  8:31  Supply Depot, Widow Mine x2  
  157  8:43  Widow Mine, Marine x6  
  157  8:44  Terran Infantry Weapons Level 2  
  157  8:46  Terran Infantry Armor Level 2  
  157  8:47  Marine x2  
  167  8:52  Marine  
  167  8:54  Widow Mine  
  167  8:55  Widow Mine  
  170  9:01  Marine x3  
  168  9:03  Marine x2  
  168  9:04  Marine  
  168  9:05  Marine x2  
  168  9:06  Terran Vehicle And Ship Armor Level 1  
  161  9:10  Marine  
  161  9:17  Widow Mine x2  
  157  9:18  Marine x3  
  157  9:20  Marine  
  161  9:25  Marine x4  
  161  9:28  Marine  
  163  9:31  Liberator x2  
  163  9:35  Siege Tank  
  163  9:36  Marine x3  
  173  9:40  Marine  
  173  9:43  Marine  
  173  9:44  Marine x2  
  177  9:45  Marine  
  177  9:51  SCV x2  
  174  9:56  SCV, Marine x2  
  175  10:00  Widow Mine x2  
  175  10:05  Marine x2  
  175  10:07  Marine x2  
  179  10:10  Marine  
  176  10:14  Marine  
  139  10:21  Marine  
  139  10:22  Marine x2  
  139  10:23  Widow Mine x2, Marine x2  
  139  10:24  Siege Tank, Marine  
  139  10:25  Medivac  
  139  10:26  Medivac  
  148  10:29  Marine x2  
  148  10:33  Marine  
  147  10:39  Marine x3  
  147  10:41  Marine x2  
  147  10:42  Marine  
  152  10:46  Marine  
  152  10:47  Marine  
  152  10:48  Widow Mine x2  
  159  10:51  Marine  
  160  10:57  Marine  
  160  10:59  Marine  
  160  11:00  Marine x2  
  160  11:02  Marine x2  
  160  11:04  Siege Tank, Marine  
  168  11:06  Liberator x2  
  153  11:14  Marine  
  153  11:15  Marine x2  
  153  11:16  Widow Mine x2  
  135  11:26  Marine x2  
  135  11:29  Marine x2  
  135  11:30  Marine x2  
  135  11:32  Marine  
  136  11:39  SCV  
Show
View Real Time Build Order
Export as new Build Order

Denver Zerg - Winner!

Build Orders: Hatch First 

Get SALT Encoding   

  12  0:00  Drone  
  13  0:12  Overlord  
  13  0:16  Drone  
  14  0:30  Drone x2  
  16  0:47  Hatchery  
  15  0:51  Drone  
  15  0:54  Drone  
  17  0:57  Drone  
  18  1:09  Extractor  
  17  1:14  Spawning Pool  
  17  1:17  Drone  
  17  1:20  Drone  
  18  1:28  Drone  
  19  1:39  Drone  
  20  1:50  Overlord  
  20  2:00  Queen x2  
  24  2:01  Zergling x4  
  26  2:09  Metabolic Boost  
  26  2:11  Drone  
  26  2:12  Drone  
  28  2:20  Drone  
  28  2:22  Drone  
  29  2:39  Drone, Hatchery  
  29  2:40  Drone  
  30  2:45  Overlord  
  30  2:48  Drone  
  31  2:54  Queen  
  31  2:55  Drone  
  31  2:58  Drone  
  35  3:04  Drone x2  
  37  3:09  Overlord  
  37  3:12  Drone x2  
  39  3:16  Queen  
  41  3:24  Drone x2  
  43  3:30  Queen  
  43  3:32  Overlord  
  45  3:35  Overlord  
  45  3:38  Drone  
  46  3:42  Drone x4  
  50  3:49  Overlord  
  50  3:50  Queen  
  50  3:52  Drone  
  50  3:55  Queen  
  55  4:03  Baneling Nest  
  55  4:04  Zergling x6  
  57  4:10  Queen  
  57  4:11  Drone x2  
  57  4:14  Drone  
  62  4:19  Drone x4  
  62  4:23  Spore Crawler  
  65  4:24  Spore Crawler  
  65  4:26  Zergling x4  
  66  4:31  Drone  
  66  4:32  Lair  
  66  4:35  Spore Crawler  
  66  4:38  Zergling x6  
  66  4:43  Drone  
  66  4:44  Drone x3  
  73  4:53  Overlord x2  
  73  4:58  Overlord, Extractor  
  73  4:59  Spore Crawler, Extractor  
  69  5:03  Drone x5  
  73  5:12  Drone  
  73  5:13  Drone x6  
  80  5:22  Drone  
  80  5:23  Drone x2  
  80  5:27  Hatchery  
  82  5:30  Drone  
  82  5:31  Drone x2  
  82  5:32  Centrifugal Hooks, Extractor  
  82  5:34  Overseer  
  84  5:38  Extractor  
  84  5:41  Drone x3  
  86  5:44  Drone x5  
  86  5:49  Drone x2  
  93  5:55  Overlord  
  93  5:56  Overlord  
  93  5:59  Hatchery  
  93  6:02  Evolution Chamber  
  91  6:07  Drone, Evolution Chamber  
  91  6:08  Drone x5  
  96  6:13  Overlord  
  96  6:16  Overlord  
  96  6:18  Queen  
  96  6:22  Zergling x10  
  103  6:27  Baneling x5  
  103  6:30  Zerg Melee Weapons Level 1  
  103  6:32  Overlord  
  103  6:34  Zerg Ground Armor Level 1  
  103  6:36  Zergling x10  
  103  6:37  Zergling x2  
  109  6:42  Zergling x8  
  113  6:49  Baneling x4, Spore Crawler  
  112  6:55  Zergling x10  
  112  6:56  Baneling x7  
  112  7:00  Drone x4  
  121  7:06  Hatchery  
  120  7:13  Zergling x20  
  128  7:22  Overlord  
  128  7:23  Hydralisk Den  
  128  7:24  Baneling  
  128  7:25  Drone x3, Baneling x12  
  128  7:29  Drone x2  
  134  7:30  Drone x2  
  134  7:36  Zergling x12  
  134  7:37  Zergling x2  
  138  7:47  Zergling x10  
  138  7:50  Overlord  
  143  7:56  Hydralisk x7  
  153  7:59  Grooved Spines  
  153  8:06  Overlord x2  
  150  8:19  Zergling x28  
  146  8:22  Queen  
  146  8:25  Baneling  
  146  8:26  Baneling x7  
  148  8:29  Drone  
  148  8:30  Drone x10  
  148  8:32  Extractor x2  
  157  8:38  Zergling x14  
  164  8:42  Baneling x10  
  163  8:49  Zerg Ground Armor Level 2  
  163  8:55  Zergling x22  
  174  8:59  Overlord  
  168  9:03  Zergling x14  
  168  9:06  Zerg Melee Weapons Level 2  
  167  9:14  Zergling x22  
  167  9:15  Zergling x2  
  170  9:25  Burrow  
  170  9:29  Hydralisk  
  170  9:30  Hydralisk x6  
  166  9:33  Overseer  
  166  9:38  Extractor  
  165  9:43  Drone x3  
  161  9:53  Zergling x8  
  161  9:54  Zergling x18  
  170  10:02  Baneling x9, Zergling x2  
  170  10:03  Zergling x4  
  171  10:08  Zergling x16  
  171  10:12  Baneling x3  
  171  10:13  Baneling x3, Queen  
  151  10:22  Zergling x12  
  151  10:30  Zergling x18  
  151  10:32  Baneling  
  151  10:33  Baneling x15  
  154  10:39  Queen  
  154  10:40  Zergling x10  
  154  10:42  Queen  
  163  10:48  Zergling x10  
  168  10:52  Baneling x9  
  168  11:00  Zergling x12  
  170  11:06  Zergling x10  
  165  11:16  Zergling x2  
  165  11:17  Zergling x20  
  159  11:19  Baneling x6  
  154  11:28  Zergling x12  
  154  11:31  Baneling  
  154  11:32  Baneling x4  

Tags
 
Add a new tag
Caveats
  • Supply blocks, unpowered buildings, or Contaminate may cause inaccurate times.
  • Supply counts are checked every 10 seconds.